 Dungeon Crawl Stone Soup version 0.28.0-47-ge53b351184 (webtiles) character file.

Game seed: 12317489473281098287

16 Iusername the Skirmisher (level 2, -2/26 HPs)
             Began as a Human Fighter on May 9, 2022.
             Slain by Jessica
             ... wielding a +0 club
              (3 damage)
             ... on level 2 of the Dungeon.
             The game lasted 00:00:58 (491 turns).

Iusername the Skirmisher (Human Fighter)             Turns: 491, Time: 00:00:58

Health: -2/26      AC:  6    Str: 16    XL:     2   Next: 70%
Magic:  2/2        EV:  8    Int:  8    God:
Gold:   12         SH:  4    Dex: 12    Spells: 1/1 levels left

rFire   + . .      SeeInvis .   a - +0 war axe
rCold   . . .      Faith    .   c - +0 buckler
rNeg    . . .      Spirit   .   b - +0 scale mail
rPois   .          Reflect  .   (no helmet)
rElec   .          Harm     .   (no cloak)
rCorr   .          Rampage  .   (no gloves)
Will    .....                   (no boots)
Stlth   ..........              (no amulet)
HPRegen 0.08/turn               (no ring)
MPRegen 0.08/turn               (no ring)

@: no status effects
A: fire resistance 1, robust 1
a: no special abilities


You were on level 2 of the Dungeon.
You visited 1 branch of the dungeon, and saw 2 of its levels.

You collected 12 gold pieces.

Inventory:

Hand Weapons
 a - a +0 war axe (weapon)
Armour
 b - a +0 scale mail (worn)
 c - a +0 buckler (worn)
Scrolls
 f - a scroll of enchant weapon {unknown}
Potions
 d - a potion of might


   Skills:
 + Level 3.2 Fighting
 + Level 2.3 Axes
 + Level 3.2 Armour
 + Level 3.2 Shields


You had one spell level left.
You didn't know any spells.
Your spell library was empty.

Dungeon Overview and Level Annotations

Branches:
Dungeon (1/15)

Altars:

Annotations:
D:2 Jessica


Innate Abilities, Weirdness & Mutations

Your flesh is heat resistant. (rF+)
You are robust. (+10% HP)


Message History

You are too injured to fight recklessly!
Jessica is nearby!
You are too injured to fight recklessly!
Jessica is nearby!
You hit Jessica.
Jessica is heavily wounded.
Jessica hits you with a +0 club.
* * * LOW HITPOINT WARNING * * *
Jessica hits you but does no damage.
You barely miss Jessica.
Jessica is heavily wounded.
Jessica hits you but does no damage.
You closely miss Jessica.
Jessica is heavily wounded.
Jessica casts a spell at you. Pain shoots through your body!
* * * LOW HITPOINT WARNING * * *
Jessica casts a spell at you. You resist with some effort.
You are too injured to fight recklessly!
You are too injured to fight recklessly!
You closely miss Jessica.
Jessica is heavily wounded.
Jessica casts a spell.
Jessica blinks!
It was a potion of mutation.
You feel extremely strange.
You feel robust.
You feel resistant to heat.
Jessica mumbles some strange words.
Jessica seems to speed up.
Jessica casts a spell at you. You resist with some effort.
Jessica barely misses you. You block Jessica's attack.
Jessica hits you with a +0 club.
* * * LOW HITPOINT WARNING * * *
You closely miss Jessica.
Jessica is heavily wounded.
Jessica hits you with a +0 club.
* * * LOW HITPOINT WARNING * * *
Jessica hits you with a +0 club.
You die...

## . .### .. .... ...
... ######.## 8....
....##...#...##.....
..............(.....
...#...............#
...................
.........@@........###.
.$##..........#.# ....
# #.#...#....#.##..##.
#.#..#####..........
....## ##........#
#...# #####.........#
.... ..............[#
..( ...#####...#...# .
#.#.# ..#


You could see Jessica (fast).

Vanquished Creatures
  3 endoplasms (D:1)
  3 goblins (D:1)
  A hobgoblin (D:1)
  A ball python (D:2)
  A bat (D:1)
  2 frilled lizards (D:1)
  2 kobolds (D:1)
  3 rats (D:1)
16 creatures vanquished.

Notes
Turn   | Place    | Note
-------+----------+-------------------------------------------
     0 | D:1      | Iusername the Human Fighter began the quest for the Orb.
     0 | D:1      | Reached XP level 1. HP: 18/18 MP: 1/1
   155 | D:1      | Reached XP level 2. HP: 24/24 MP: 2/2
   395 | D:1      | Found a faded altar of an unknown god.
   438 | D:1      | You fall into a shaft and drop 1 floor!
   476 | D:2      | Noticed Jessica
   486 | D:2      | Gained mutation: You are robust. (+10% HP) [potion of
                  | mutation]
   486 | D:2      | Gained mutation: Your flesh is heat resistant. (rF+)
                  | [potion of mutation]
   491 | D:2      | HP: 1/26 [Jessica/+0 club (2)]
   491 | D:2      | Slain by Jessica

Illustrated notes

Levels and vault maps discovered:
D:1:      sevenhm_arrival_forest_fort_small_6, layout_loops_ring,
          chequers_ecumenical_altar_twisty
D:2:      kennysheep_the_goblin_king, layout_rooms, serial_aquarium,
          aquarium_bridge_square [aquarium_subvault_wall,
          aquarium_subvault_balcony, aquarium_subvault_bridge,
          aquarium_subvault_bridge], aquarium_window_2,
          aquarium_window_corridor_1, aquarium_view_2c, aquarium_view_2e,
          serial_shops, shop, uniq_jessica

Action                   || total
-------------------------++-------
Melee: War axe           ||    51
  Use: Potion            ||     1
Armor: Scale mail        ||    25
Dodge: Dodged            ||    18
Block: Buckler           ||    13
